AoeStats
← Rackeymen

Socotra

506097175Analyzed
2v2 RM · 21d ago on Sep 12, 2026· 33m 25s· 4 players
Game mode
Random Map
Map size
Tiny (2 player)
Population
200
Speed
Normal
Resources
Standard
Victory
Conquest
Starting age
Dark Age
Ending age
Imperial Age
RankedLock teamsTeams togetherTeam positionsShared explorationLock speedFull tech treeHidden civsTurbo modeCheats
Victory
Defeat
🇸🇰 Italians · Slovakia
897
+45
🇦🇺 Burgundians · Australia
852
+18
🇵🇱 Spanish · Poland
923
-49
🇨🇴 Magyars · Colombia
879
-16
Snikerennn
10:49 Feudal Age
16:01 Wheelbarrow
15:38 Horse Collar
15:47 Double-Bit Axe
16:29 Gold Mining
18:28 Man-at-Arms
25:05 Castle Age
25:52 Long Swordsman
25:53 Pikeman
26:19 Arson
26:50 Crossbowman
27:39 Scale Mail Armor
27:50 Forging
27:31 Fletching
27:41 Padded Archer Armor
sebastienbohan95
5:19 Loom
8:03 Horse Collar
8:19 Double-Bit Axe
13:02 Feudal Age
14:03 Wheelbarrow
13:59 Heavy Plow
14:13 Bow Saw
16:07 Fletching
16:18 Padded Archer Armor
23:37 Castle Age
23:50 Cavalier
23:59 Crossbowman
25:54 Scale Barding Armor
26:02 Forging
Rackeymen
5:07 Loom
13:05 Feudal Age
13:33 Double-Bit Axe
13:30 Horse Collar
15:48 Scale Barding Armor
18:43 Castle Age
18:41 Stone Mining
20:05 Wheelbarrow
20:02 Bow Saw
20:00 Heavy Plow
24:41 Scale Barding Armor
26:08 Light Cavalry
27:54 Chain Barding Armor
28:22 Bloodlines
30:55 Hand Cart
raymod
16:33 Feudal Age
18:12 Wheelbarrow
18:30 Double-Bit Axe
18:31 Horse Collar
32:57 Castle Age
32:59 Scale Mail Armor
33:05 Scale Barding Armor
33:10 Man-at-Arms
Connection lost

Rejoining the realm…

Still unreachable

The connection could not be restored.

Session expired

The server has moved on; the page needs a fresh start.